 Dungeon Crawl Stone Soup version 0.30.0-17-ge0270778cf (webtiles) character file.

Game seed: 14664990706254688090

422 Demosthentine the Poker (level 6, 0/48 HPs)
             Began as a Demonspawn Gladiator on May 22, 2023.
             Slain by Pikel
             ... wielding a +2 whip of electrocution
              (3 damage)
             ... on level 4 of the Dungeon.
             The game lasted 00:02:56 (2901 turns).

Demosthentine the Poker (Demonspawn Gladiator)      Turns: 2901, Time: 00:02:56

Health: 0/48       AC:  4    Str: 16    XL:     6   Next: 63%
Magic:  6/6        EV: 13    Int: 14    God:
Gold:   129        SH:  0    Dex: 14    Spells: 5/5 levels left

rFire   . . .        a - +1 trident
rCold   . . .        (no shield)
rNeg    . . .        b - +0 leather armour
rPois   .            c - +0 helmet
rElec   .            (no cloak)
rCorr   .            (no gloves)
SInv    .            (no boots)
Will    .....        (no amulet)
Stlth   +            (no ring)
HPRegen 0.28/turn    (no ring)
MPRegen 0.10/turn

%: no passive effects
@: no status effects
A: powered by death 1, big brain 2
a: no special abilities


You were on level 4 of the Dungeon.
You visited 1 branch of the dungeon, and saw 4 of its levels.

You collected 129 gold pieces.

Inventory:

Hand Weapons
 a - a +1 trident (weapon)
Missiles
 e - a javelin (quivered)
 i - 5 poisoned darts
Armour
 b - a +0 leather armour (worn)
 c - a +0 helmet (worn)
 j - a +0 buckler
Jewellery
 l - a ring of flight
Scrolls
 f - 2 scrolls of blinking
 m - a scroll of identify
 n - a scroll of teleportation
Potions
 g - a potion of berserk rage
 h - a potion of resistance
 k - a potion of curing
 p - a potion of lignification


   Skills:
 + Level 3.6 Fighting
 + Level 3.9 Polearms
 - Level 1.7 Throwing
 + Level 2.5 Armour
 + Level 3.9 Dodging
 + Level 2.1 Shields


You had 5 spell levels left.
You didn't know any spells.
Your spell library contained the following spells:

 Spells                   Type           Power      Damage    Failure   Level
 Kiss of Death            Conj/Necr      0%         2d5       34%         1
 Confusing Touch          Hex            0%         N/A       71%         3
 Dispel Undead            Necr           0%         3d6       98%         4


Dungeon Overview and Level Annotations

Branches:
Dungeon (4/15)
 Temple: D:4-7

Altars:
Makhleb

Annotations:
D:4 Pikel


Innate Abilities, Weirdness & Mutations

You regenerate a little health from kills.
You have an extremely huge brain. (Int +4)


Message History

Aim: a lemure (entangled in a net, 89% to hit)
You throw a throwing net. The throwing net closely misses Pikel.
The throwing net hits the lemure.
Pikel closely misses you.
The lemure struggles against the net.
The net rips apart, and the lemure comes free!
You closely miss Pikel. Pikel hits you but does no damage.
You barely miss Pikel. Pikel barely misses you.
You hit Pikel.
Pikel is lightly wounded.
Pikel hits you with a +2 whip of electrocution!
You closely miss Pikel.
Pikel is lightly wounded.
Pikel misses you.
You barely miss Pikel.
Pikel is lightly wounded.
Pikel completely misses you.
You puncture Pikel!
Pikel is moderately wounded.
Pikel hits you with a +2 whip of electrocution!
You are electrocuted!
* * * LOW HITPOINT WARNING * * *
You puncture Pikel!
Pikel is heavily wounded.
Pikel misses you.
A lemure opens the door.
You hit Pikel.
Pikel is heavily wounded.
Pikel closely misses you.
You hit Pikel.
Pikel is heavily wounded.
Pikel hits you but does no damage.
You closely miss Pikel.
Pikel is heavily wounded.
Pikel hits you with a +2 whip of electrocution.
* * * LOW HITPOINT WARNING * * *
Pikel hits you with a +2 whip of electrocution.
* * * LOW HITPOINT WARNING * * *
You miss Pikel.
Pikel is heavily wounded.
Pikel hits you with a +2 whip of electrocution.
You die...

#.# #....#
#####.#######....#
....#......##....##.#
...........###<.....#
...........# ##.#####
...........####..#
.................#
######+#########.# #
#@# # #K# #5# 55# #5#
#K# #(# #.# #.#


You could see Pikel, 4 lemures and a kobold.

Vanquished Creatures
  Sigmund (D:2)
  Duvessa (D:4)
  Dowan (D:4)
  An orc priest (D:3)
  A gnoll (D:1)
  3 adders
  2 worms
  2 orcs (D:3)
  4 ball pythons
  7 endoplasms
  2 giant cockroaches (D:3)
  4 goblins
  4 hobgoblins
  3 kobolds
  2 quokkas
  4 bats
  2 frilled lizards
  4 rats
48 creatures vanquished.

Notes
Turn   | Place    | Note
-------+----------+-------------------------------------------
     0 | D:1      | Demosthentine the Demonspawn Gladiator began the quest for
                  | the Orb.
     0 | D:1      | Reached XP level 1. HP: 16/16 MP: 1/1
   401 | D:1      | Gained mutation: You regenerate a little health from kills.
                  | [demonic ancestry]
   401 | D:1      | Reached XP level 2. HP: 22/22 MP: 2/2
   587 | D:1      | Reached skill level 1 in Armour
   717 | D:1      | Reached XP level 3. HP: 21/28 MP: 3/3
  1164 | D:2      | Noticed Sigmund
  1178 | D:2      | Killed Sigmund
  1179 | D:2      | Reached skill level 1 in Shields
  1179 | D:2      | Reached XP level 4. HP: 24/35 MP: 4/4
  1179 | D:2      | Gained mutation: You have an unusually large brain. (Int
                  | +2) [demonic ancestry]
  1179 | D:2      | Reached XP level 5. HP: 29/41 MP: 5/5
  2542 | D:4      | Noticed Duvessa
  2542 | D:4      | Noticed Dowan
  2563 | D:4      | Killed Duvessa
  2564 | D:4      | Gained mutation: You have an extremely huge brain. (Int +4)
                  | [demonic ancestry]
  2564 | D:4      | Reached XP level 6. HP: 9/47 MP: 6/6
  2572 | D:4      | HP: 1/47 [Dowan/+0 dagger (4)]
  2576 | D:4      | Killed Dowan
  2793 | D:4      | Found a burning altar of Makhleb.
  2879 | D:4      | Noticed Pikel
  2900 | D:4      | HP: 2/48 [Pikel/+2 whip of electrocution (4)]
  2901 | D:4      | Slain by Pikel

Illustrated notes

Levels and vault maps discovered:
D:1:      dpeg_arrival_rooms_with_view, layout_basic
D:2:      layout_loops_corners, kennysheep_boxes, uniq_sigmund
D:3:      layout_loops_ring
D:4:      layout_basic, grunt_temple_overflow_opulence, zin_academy,
          kennysheep_mini_moat, nzn_hepliaklqana_mist_gate,
          yredelemnul_altar_generic, roderic_roman_lattice, corner_web_ring,
          kennysheep_minor_cross, minmay_pentangle, uniq_robin, uniq_duvessa,
          uniq_grinder, uniq_pikel

Skill      XL: |  1  2  3  4  5  6 |
---------------+-------------------+-----
Polearms       | 3 |  3.9
Armour         | 1 2 |  2.5
Dodging        | 3 |  3.9
Fighting       | 3 |  3.6
Shields        | 1 2 |  2.1
Throwing       | |  1.7

Action                     |  1- 3 |  4- 6 || total
---------------------------+-------+-------++-------
  Melee: Trident           |    84 |    91 ||   175
         Punch             |     1 |       ||     1
  Throw: Throwing net      |     2 |     2 ||     4
    Use: Scroll            |     5 |     8 ||    13
         Potion            |       |     4 ||     4
   Stab: Sleeping          |     1 |       ||     1
         Held in net/web   |     1 |       ||     1
 Armour: Leather armour    |    18 |    16 ||    34
  Dodge: Dodged            |    30 |    54 ||    84
